Map: Catalisador LE

Players

IagoAbreu - Winner!

  • Race: Zerg Zerg
  • Spawn Location: 5:00

I.A. 1 (Elite)

  • Race: Zerg Zerg
  • Spawn Location: 11:00

VOD

Have the link to the VOD?

Description

Time

  • Played on: May 17, 2018, 6:26 p.m.
  • Length: 9:42
Show
View Real Time Build Order
Export as new Build Order

IagoAbreu Zerg - Winner!

Build Orders: Hatch First, Roach Nydus 

Get SALT Encoding   

  12  0:01  Drone  
  13  0:12  Overlord  
  13  0:17  Drone  
  14  0:31  Drone x2  
  16  0:36  Drone  
  17  0:45  Drone  
  18  0:56  Drone  
  19  1:09  Extractor  
  18  1:12  Hatchery  
  18  1:14  Spawning Pool  
  16  1:19  Drone  
  16  1:20  Drone  
  18  1:29  Overlord  
  18  1:39  Drone  
  19  1:50  Drone  
  20  2:04  Drone  
  21  2:25  Hatchery, Lair  
  20  2:34  Drone  
  20  2:35  Drone x3  
  24  2:37  Queen  
  26  2:47  Overlord x2  
  26  2:51  Drone  
  27  3:11  Drone  
  27  3:12  Drone x3  
  31  3:13  Queen  
  33  3:25  Roach Warren, Drone  
  33  3:26  Drone  
  34  3:36  Extractor x2  
  34  3:37  Queen  
  34  3:39  Queen  
  36  3:41  Drone x2  
  36  3:42  Drone  
  36  3:45  Drone  
  36  3:46  Drone  
  41  4:04  Drone x4  
  41  4:05  Drone x2  
  47  4:12  Queen  
  49  4:29  Drone  
  49  4:30  Overlord x2  
  49  4:31  Overlord  
  50  4:45  Nydus Network  
  50  4:48  Queen x2, Overseer  
  50  4:52  Roach x2  
  59  4:53  Roach x4  
  59  4:56  Drone  
  59  4:57  Overlord  
  66  5:19  Roach x4  
  74  5:21  Overlord x3  
  74  5:51  Roach  
  74  5:52  Roach x6  
  74  5:53  Roach  
  90  6:21  Roach x4  
  90  6:25  Overlord x3  
  98  6:44  Nydus Canal  
  98  6:52  Roach x2  
  98  6:53  Roach x6  
  114  7:00  Nydus Canal  
  110  7:11  Roach  
  110  7:12  Roach x3  
  96  7:24  Roach x3  
  96  7:26  Roach x2  
  104  7:30  Nydus Canal  
  91  7:45  Roach x3  
  91  7:46  Roach  
  91  7:49  Nydus Canal  
  89  8:06  Roach x4  
  89  8:07  Roach x2  
  97  8:14  Roach x3  
  97  8:19  Nydus Canal  
  103  8:23  Drone  
  103  8:25  Roach x2  
  100  8:44  Drone x2  
  100  8:46  Roach x4  
  106  9:00  Roach x3  
  110  9:12  Roach x3  
Show
View Real Time Build Order
Export as new Build Order

I.A. 1 (Elite) Zerg 

Build Orders: Pool First 

Get SALT Encoding   

  12  0:00  Drone  
  13  0:12  Overlord  
  13  0:16  Drone  
  14  0:31  Drone x2  
  16  0:43  Spawning Pool  
  16  0:45  Drone  
  16  0:50  Drone  
  17  1:14  Hatchery  
  17  1:15  Drone  
  17  1:17  Extractor  
  16  1:20  Drone  
  16  1:23  Extractor  
  16  1:26  Drone  
  16  1:30  Drone  
  18  1:38  Drone  
  19  1:49  Overlord  
  19  1:56  Queen  
  21  2:02  Zergling x2  
  22  2:11  Drone  
  23  2:25  Queen  
  25  2:30  Drone  
  25  2:36  Drone  
  27  2:40  Drone  
  28  2:46  Drone  
  29  2:59  Roach Warren  
  29  3:01  Drone  
  29  3:05  Drone  
  30  3:07  Zergling x2  
  30  3:11  Zergling x2  
  32  3:17  Overlord  
  32  3:21  Drone  
  32  3:23  Drone  
  34  3:39  Roach  
  34  3:40  Roach  
  38  3:41  Roach  
  38  3:42  Roach  
  42  3:49  Lair  
  42  3:54  Overlord  
  42  3:59  Overlord  
  42  4:03  Zergling x2  
  42  4:05  Zergling x2  
  44  4:12  Drone, Zergling x2  
  44  4:13  Drone  
  44  4:15  Drone  
  48  4:18  Drone  
  48  4:20  Drone  
  50  4:24  Roach  
  50  4:28  Roach  
  54  4:32  Overlord  
  54  4:40  Drone  
  54  4:42  Drone  
  54  4:44  Drone  
  57  4:47  Drone  
  57  4:50  Infestation Pit, Drone  
  58  4:53  Overlord  
  58  4:57  Overlord  
  58  5:00  Roach  
  58  5:05  Hydralisk Den  
  59  5:10  Drone  
  59  5:12  Drone  
  61  5:14  Drone  
  61  5:16  Drone  
  61  5:18  Drone  
  61  5:20  Drone  
  65  5:22  Drone  
  65  5:23  Drone  
  65  5:26  Drone  
  65  5:27  Drone  
  69  5:29  Drone  
  69  5:31  Drone  
  69  5:33  Drone  
  72  5:36  Hydralisk  
  72  5:38  Hydralisk  
  72  5:42  Overlord, Infestor  
  76  5:45  Roach  
  76  5:47  Roach  
  76  5:49  Roach  
  84  6:00  Metabolic Boost, Infestor, Overlord  
  84  6:03  Evolution Chamber  
  85  6:14  Evolution Chamber  
  85  6:15  Drone  
  85  6:17  Evolution Chamber, Drone  
  85  6:18  Ravager  
  85  6:24  Hatchery  
  85  6:29  Zerg Missile Weapons Level 1, Roach  
  87  6:37  Ravager  
  87  6:39  Zerg Ground Armor Level 1  
  88  6:41  Overlord  
  88  6:42  Zerg Melee Weapons Level 1, Roach  
  90  6:47  Extractor  
  90  6:50  Hydralisk  
  91  6:59  Hydralisk  
  91  7:00  Extractor  
  92  7:01  Drone  
  92  7:05  Queen  
  92  7:09  Roach, Drone x2  
  92  7:11  Zergling x2  
  92  7:13  Zergling x2  
  85  7:16  Overseer  
  85  7:22  Drone  
  78  7:23  Drone x2  
  78  7:26  Drone  
  78  7:35  Drone  
  78  7:36  Hydralisk  
  75  7:37  Drone x3  
  75  7:38  Drone x4  
  75  7:39  Drone  
  75  7:41  Drone  
  80  7:47  Zergling x2  
  80  7:49  Extractor  
  73  7:51  Zergling x2  
  73  7:54  Roach  
  71  7:58  Roach  
  71  8:02  Roach  
  65  8:06  Roach  
  63  8:16  Roach  
  58  8:23  Zergling x2  
  50  8:30  Zergling x2  
  50  8:33  Roach  
Tags
 
Add a new tag
Caveats
  • Supply blocks, unpowered buildings, or Contaminate may cause inaccurate times.
  • Supply counts are checked every 10 seconds.